Map: Turbo Cruise '84 LE

Players

SkUll

  • Race: Protoss Protoss
  • League: Master
  • Spawn Location: 7:00

Mez - Winner!

  • Race: Terran Terran
  • League: Master
  • Spawn Location: 3:00

VOD

Have the link to the VOD?

Description

Time

  • Played on: Aug. 8, 2019, 12:39 p.m.
  • Length: 6:08
Show
View Real Time Build Order
Export as new Build Order

SkUll Protoss 

Build Orders:  

Get SALT Encoding   

  1  0:00  Probe  
  12  0:05  Probe  
  14  0:17  Pylon  
  14  0:22  Probe  
  15  0:32  Assimilator  
  15  0:35  Probe  
  16  0:48  Probe  
  17  0:54  Pylon  
  17  0:57  Probe  
  18  1:05  Probe  
  19  1:12  Gateway  
  19  1:15  Probe  
  21  1:37  Nexus  
  20  1:47  Probe  
  21  1:59  Zealot, Cybernetics Core  
  24  2:01  Probe  
  24  2:11  Gateway  
  23  2:24  Zealot  
  23  2:33  Assimilator, Pylon  
  25  2:43  Stalker  
  25  2:49  Probe  
  25  2:50  Probe  
  25  2:57  Warp Gate  
  27  2:59  Stalker  
  27  3:01  Probe  
  27  3:02  Probe  
  31  3:15  Probe x2  
  31  3:19  Stalker  
  33  3:24  Probe  
  33  3:26  Robotics Facility  
  33  3:27  Probe  
  33  3:33  Probe  
  35  3:38  Adept  
  38  3:42  Probe x2  
  38  3:45  Pylon  
  40  3:54  Probe x2  
  42  4:06  Probe x2  
  42  4:09  Pylon  
  48  4:21  Gateway  
  48  4:22  Gateway  
  48  4:23  Gateway  
  44  4:27  Gateway  
  44  4:33  Gateway x2  
  42  4:46  Stalker  
  42  4:51  Immortal  
  40  5:00  Stalker  
  23  5:17  Stalker x2  
  24  5:25  Warp Prism  
  24  5:27  Probe  
  24  5:28  Probe  
  24  5:39  Probe  
  24  5:41  Probe  
  28  5:47  Probe  
  28  5:49  Probe  
  28  5:55  Probe  
Show
View Real Time Build Order
Export as new Build Order

Mez Terran - Winner!

Build Orders: Reaper Expand 

Get SALT Encoding   

  12  0:00  SCV  
  13  0:13  SCV  
  14  0:17  Supply Depot  
  14  0:25  SCV  
  15  0:39  SCV  
  15  0:40  Barracks  
  16  0:44  Refinery  
  16  0:51  SCV  
  17  1:03  SCV  
  18  1:15  SCV  
  19  1:28  Reaper, Orbital Command  
  20  1:41  Command Center  
  20  1:53  Barracks  
  20  1:57  SCV  
  20  2:00  Barracks Reactor  
  21  2:09  SCV  
  21  2:11  Barracks  
  22  2:25  Bunker, SCV  
  22  2:28  Supply Depot  
  23  2:44  Marine  
  23  2:50  Marine  
  24  2:52  Barracks Tech Lab  
  24  2:56  SCV  
  25  3:03  Marine  
  25  3:04  Marine  
  26  3:17  Orbital Command  
  26  3:19  Marauder  
  28  3:20  Concussive Shells  
  28  3:25  SCV  
  29  3:28  Marine  
  29  3:29  Marine x2  
  29  3:32  Supply Depot  
  32  3:40  SCV  
  32  3:41  Marauder  
  35  3:43  SCV  
  35  3:46  Marine x3  
  39  4:01  SCV, Marine  
  39  4:02  SCV  
  42  4:09  Command Center  
  42  4:12  Marine x3  
  42  4:15  SCV x2  
  47  4:19  Marine, Supply Depot  
  48  4:27  SCV  
  48  4:28  Refinery, SCV  
  48  4:29  Refinery  
  50  4:36  Factory  
  50  4:40  SCV x2  
  50  4:52  SCV  
  50  4:54  SCV  
  50  5:04  Marine  
  50  5:05  Marine x2  
  53  5:11  SCV  
  53  5:12  SCV  
  51  5:20  SCV, Supply Depot  
  51  5:21  Barracks  
  51  5:22  Barracks  
  51  5:23  Starport, Factory Reactor  
  51  5:24  SCV x2  
  48  5:36  Engineering Bay, SCV  
  48  5:37  Engineering Bay  
  48  5:39  Orbital Command  
  48  5:42  Barracks Tech Lab  
  48  5:45  SCV  
  48  5:48  SCV  
Tags
 
Add a new tag
Caveats
  • Supply blocks, unpowered buildings, or Contaminate may cause inaccurate times.
  • Supply counts are checked every 10 seconds.